 Dungeon Crawl Stone Soup version 0.24-a0-370-g78e9d4e317 (webtiles) character file.

Game seed: 18173962363394815958

1120 Holzbalken the Spear-Bearer (level 8, 0/58 HPs)
             Began as a Demonspawn Gladiator on May 30, 2019.
             Succumbed to Edmund's poison
             ... on level 5 of the Dungeon.
             The game lasted 00:19:16 (5354 turns).

Holzbalken the Spear-Bearer (Demonspawn Gladiator)  Turns: 5354, Time: 00:19:17

Health: 0/58       AC: 13    Str: 16    XL:     8   Next: 12%
Magic:  8/8        EV: 11    Int:  9    God:
Gold:   296        SH:  0    Dex: 16    Spells: 7/7 levels left

rFire    . . .     SeeInvis .   g - +0 halberd
rCold    . . .     Gourm    .   (shield currently unavailable)
rNeg     . . .     Faith    .   v - +0 scale mail
rPois    .         Spirit   .   c - +0 helmet
rElec    .         Reflect  .   (no cloak)
rCorr    .         Harm     .   j - +2 pair of gloves
MR       .....                  (no boots)
Stlth    ++........             (no amulet)
HPRegen  0.19/turn              (no ring)
MPRegen  0.11/turn              (no ring)

@: lethally poisoned (0 -> -40)
A: rugged brown scales 2, nightstalker 2, powered by pain 1
a: no special abilities


You were on level 5 of the Dungeon.
You were not hungry.

You visited 2 branches of the dungeon, and saw 6 of its levels.

You collected 296 gold pieces.

Inventory:

Hand Weapons
 g - a +0 halberd (weapon)
Missiles
 d - 3 throwing nets (quivered)
Armour
 c - a +0 helmet (worn)
 j - a +2 pair of gloves (worn)
 r - a +0 plate armour
 v - a +0 scale mail (worn)
Jewellery
 h - an uncursed ring of positive energy {unknown}
 k - an uncursed ring of resist corrosion {unknown}
 u - an uncursed ring of protection from cold {unknown}
Wands
 m - a wand of random effects (19)
 s - a wand of polymorph (5)
 y - a wand of iceblast (20)
Scrolls
 a - a scroll of enchant weapon {unknown}
 b - 2 scrolls of immolation {unknown}
 e - 4 scrolls of teleportation {unknown}
 n - a scroll of blinking {unknown}
 o - 4 scrolls of identify {unknown}
 p - 3 scrolls of remove curse {unknown}
 t - 2 scrolls of amnesia {unknown}
 x - a scroll of magic mapping {unknown}
 z - 2 scrolls of noise {unknown}
Potions
 i - 4 potions of curing {unknown}
 l - 3 potions of haste {unknown}
 q - 2 potions of mutation {unknown}
 w - 3 potions of might {unknown}
 A - a potion of heal wounds {unknown}
 B - 2 potions of lignification {unknown}
 D - a potion of cancellation {unknown}
 E - a potion of invisibility {unknown}
Comestibles
 f - 7 rations
 C - 5 chunks of flesh


   Skills:
 - Level 2.0 Fighting
 * Level 8.3 Polearms
 - Level 1.7 Throwing
 + Level 3.8 Armour
 - Level 2.6 Dodging


You had 7 spell levels left.
You didn't know any spells.
Your spell library contained the following spells:

 Spells                   Type           Power        Failure   Level  Hunger
 Sandblast                Erth           #.....       80%         1    ##.....
 Animate Dead             Necr           N/A          100%        4    #####..
 Death Channel            Necr           #.........   100%        6    #######
 Shatter                  Erth           #.........   100%        9    #######


Dungeon Overview and Level Annotations

Branches:
Dungeon (5/15)             Temple (1/1) D:4

Altars:
Ashenzari
Cheibriados
Dithmenos
Fedhas
Gozag
Hepliaklqana
Kikubaaqudgha
Okawaru
Ru
Sif Muna
Trog
Vehumet
Xom
Yredelemnul
The Shining One

Annotations:
D:5 Edmund


Innate Abilities, Weirdness & Mutations

You are mostly covered in rugged brown scales. (AC +2, +5% HP)
You are significantly more attuned to the shadows.
You sometimes gain a little power by taking damage.


Message History

* * * LOW HITPOINT WARNING * * *
You feel very sick. The hound bites you but does no damage.
Edmund hits you with a +7 flail of venom.
* * * LOW HITPOINT WARNING * * *
You are more poisoned.
The leopard gecko bites you but does no damage.
The hound bites you but does no damage.
You puncture Edmund!
Edmund is almost dead.
* * * LOW HITPOINT WARNING * * *
You feel very sick.
The leopard gecko bites you but does no damage.
The hound bites you but does no damage.
Edmund zaps a wand.
The puff of flame misses you.
The leopard gecko hisses menacingly.
The leopard gecko bites you but does no damage.
You hit Edmund but do no damage.
Edmund is almost dead.
You die...

#########
.............#'####
..............#.....
#..............#.....
#..............'.....
##..............##....
...........##+####....
...........#.....'....
....l......#.....#....
....h@.....+.....#....
....@......#....###...
......########## ####
......# ......#
......#


You could see Edmund, a hound and a leopard gecko.

Vanquished Creatures
  Eustachio (D:5)
  A phantom (D:5)
  4 ogres
  2 howler monkeys (D:5)
  A crimson imp (D:5)
  A hound (D:5)
  A centaur skeleton (D:5)
  A bullfrog skeleton (D:5)
  An orc wizard (D:3)
  An iguana (D:5)
  2 worker ants
  A hound skeleton (D:4)
  9 adders
  3 gnolls (D:4)
  A shadow imp (D:3)
  An ooze (D:2)
  An adder skeleton (D:4)
  4 worms
  3 dart slugs
  2 leopard geckos
  12 orcs
  3 ball pythons
  6 bats
  7 giant cockroaches
  9 goblins
  8 hobgoblins
  3 jackals (D:2)
  12 kobolds
  A quokka (D:5)
  10 frilled lizards
  5 rats
117 creatures vanquished.

Notes
Turn   | Place    | Note
-------+----------+-------------------------------------------
     0 | D:1      | Holzbalken the Demonspawn Gladiator began the quest for the
                  | Orb.
     0 | D:1      | Reached XP level 1. HP: 16/16 MP: 1/1
    99 | D:1      | Reached skill level 3 in Polearms
   110 | D:1      | Gained mutation: You are partially covered in rugged brown
                  | scales. (AC +1, +3% HP) [demonic ancestry]
   110 | D:1      | Reached XP level 2. HP: 10/22 MP: 2/2
   874 | D:2      | Reached XP level 3. HP: 27/27 MP: 3/3
   905 | D:2      | Reached skill level 4 in Polearms
  1331 | D:2      | You fall into a shaft and drop 1 floor!
  1339 | D:3      | Found a radiant altar of Vehumet.
  1592 | D:3      | Gained mutation: You are slightly more attuned to the
                  | shadows. [demonic ancestry]
  1592 | D:3      | Reached XP level 4. HP: 18/33 MP: 4/4
  1858 | D:3      | Reached skill level 5 in Polearms
  2036 | D:3      | Reached XP level 5. HP: 39/39 MP: 5/5
  2125 | D:2      | Found a snail-covered altar of Cheibriados.
  2341 | D:2      | Found a sacrificial altar of Ru.
  2586 | D:2      | Found a glowing golden altar of the Shining One.
  3019 | D:4      | Noticed an ogre
  3209 | D:4      | Reached skill level 6 in Polearms
  3263 | D:4      | Found a sacrificial altar of Ru.
  3422 | D:4      | Noticed an ogre
  3440 | D:4      | Killed an ogre
  3440 | D:4      | Reached skill level 1 in Armour
  3440 | D:4      | Gained mutation: You are mostly covered in rugged brown
                  | scales. (AC +2, +5% HP) [demonic ancestry]
  3440 | D:4      | Reached XP level 6. HP: 39/46 MP: 6/6
  3915 | D:4      | Found a staircase to the Ecumenical Temple.
  3928 | Temple   | Entered the Ecumenical Temple
  4383 | D:5      | Entered Level 5 of the Dungeon
  4440 | D:5      | Gained mutation: You are significantly more attuned to the
                  | shadows. [demonic ancestry]
  4440 | D:5      | Reached XP level 7. HP: 34/52 MP: 7/7
  4642 | D:5      | Reached skill level 7 in Polearms
  4656 | D:5      | Noticed Eustachio
  4675 | D:5      | Killed Eustachio
  4862 | D:5      | Identified the Grimoire of Ghastly Clay
  5234 | D:5      | Reached skill level 8 in Polearms
  5234 | D:5      | Gained mutation: You sometimes gain a little power by
                  | taking damage. [demonic ancestry]
  5234 | D:5      | Reached XP level 8. HP: 50/58 MP: 8/8
  5335 | D:5      | Noticed Edmund
  5354 | D:5      | Succumbed to Edmund's poison

Levels and vault maps discovered:
D:1:      psy_arrival_whirlpool, layout_basic
D:2:      minmay_chambers_of_ones, layout_loops_cross,
          nicolae_overflow_crystal_walls, overflow_temple_1_default,
          first_ration, roderic_cross_of_infinity,
          nicolae_tso_swordbearing_angel
D:3:      layout_loops_ring, old_standard_altar
D:4:      layout_basic, temple_green, st_stairs_1,
          nicolae_ru_the_path_less_chosen
D:5:      layout_gridville, uniq_eustachio, uniq_edmund
Temple:   minmay_temple_curvy_loop

Skill      XL: |  1  2  3  4  5  6  7 |
---------------+----------------------+-----
Polearms       | 3 4 5 6 8 |  8.3
Armour         | 1 2 3 |  3.8
Fighting       | |  2.0
Throwing       | |  1.7
Dodging        | |  2.6

Action                   |  1- 3 |  4- 6 |  7- 9 || total
-------------------------+-------+-------+-------++-------
Melee: Trident           |   146 |   103 |       ||   249
       Halberd           |       |    89 |   106 ||   195
 Stab: Sleeping          |     1 |     4 |     2 ||     7
  Eat: Chunk             |     2 |     8 |     1 ||    11
       Ration            |       |       |     1 ||     1
Armor: Leather armour    |    35 |       |       ||    35
       Ring mail         |    11 |    37 |       ||    48
       Scale mail        |       |    45 |    77 ||   122
Dodge: Dodged            |    65 |    76 |    56 ||   197

Table legend:
 A = Non-vault XP
 B = Vault XP
 C = Vault XP percentage of total XP
 D = Non-vault monster count
 E = Vault monster count
 F = Vault count percentage of total count
                 A         B        C        D         E       F
            +---------+---------+-------+---------+---------+-------
      Total |    1398 |     203 |  12.7 |     111 |       6 |   5.1
            +---------+---------+-------+---------+---------+-------
        D:1 |      40 |       0 |   0.0 |      23 |       0 |   0.0
        D:2 |      85 |       6 |   6.6 |      29 |       5 |  14.7
        D:3 |     169 |       0 |   0.0 |      25 |       0 |   0.0
        D:4 |     391 |       0 |   0.0 |      19 |       0 |   0.0
        D:5 |     713 |     197 |  21.6 |      15 |       1 |   6.2
            +---------+---------+-------+---------+---------+-------
